 Dungeon Crawl Stone Soup version 0.30-a0-672-gc3a7216ad8 (webtiles) character file.

Game seed: 13111480879431327565

58 Leeroy the Magician (level 4, -1/33 HPs)
             Began as a Djinni Warper on Jan 18, 2023.
             Slain by an adder (4 damage)
             ... on level 3 of the Dungeon.
             The game lasted 00:02:25 (1588 turns).

Leeroy the Magician (Djinni Warper)                 Turns: 1588, Time: 00:02:26

Health: -1/33      AC:  3    Str: 10    XL:     4   Next: 21%
Gold:   133        EV: 12    Int: 14    God:
                   SH:  0    Dex: 15

rFire   + + .      SeeInvis .    a - +0 falchion
rCold   . . .      Faith    .    (no shield)
rNeg    . . .      Spirit   .    b - +0 leather armour
rPois   ∞          Reflect  .    (no helmet)
rElec   .          Harm     .    (no cloak)
rCorr   .          Rampage  .    (no gloves)
Will    .....                    (boots unavailable)
Stlth   +                        (no amulet)
HPRegen 0.25/turn                o - ring of protection from cold
MPRegen 0.00/turn                (no ring)

@: flying, hasted, very quick
A: sickness immunity, fire resistance 2, cold vulnerability 1, float, innate
caster, HP casting, extra vitality 1
a: no special abilities


You were on level 3 of the Dungeon.
You visited 1 branch of the dungeon, and saw 3 of its levels.

You collected 133 gold pieces.

Inventory:

Hand Weapons
 a - a +0 falchion (weapon)
Missiles
 d - 7 boomerangs of dispersal (quivered)
Armour
 b - a +0 leather armour (worn)
 i - a +0 barding
Jewellery
 o - a ring of protection from cold (left hand)
Scrolls
 f - a scroll of fear {unknown}
 h - a scroll of butterflies {unknown}
 k - 3 scrolls of identify {unknown}
 l - a scroll of enchant weapon {unknown}
 m - a scroll of poison {unknown}
Potions
 e - a potion of cancellation {unknown}
 g - a potion of curing {unknown}
 n - a potion of flight


   Skills:
 + Level 2.1 Fighting
 + Level 3.0 Long Blades
 - Level 0.7 Throwing
 - Level 1.0 Armour
 - Level 2.1 Dodging
 - Level 3.0 Spellcasting


You couldn't memorise any spells.
You knew the following spells:

 Your Spells              Type           Power      Damage    Failure   Level
a - Blink                 Tloc           20%        N/A       12%         2
b - Lesser Beckoning      Tloc           20%        N/A       12%         2
c - Vhi's Electric Charg  Tloc/Air       20%        N/A       24%         3
d - Teleport Other        Tloc           10%        N/A       24%         3
e - Manifold Assault      Tloc           10%        N/A       63%         4
f - Kiss of Death         Conj/Necr      40%        2d8       9%          1
Your spell library was empty.

Dungeon Overview and Level Annotations

Branches:
Dungeon (3/15)

Altars:
Xom


Innate Abilities, Weirdness & Mutations

You are immune to sickness and miasma.
You are immune to poison.
Your flesh is very heat resistant. (rF++)
You are vulnerable to cold. (rC-)
You float through the air rather than walking.
You learn spells naturally, not from books.
Your magical power is your life essence.
You have superior vitality. (+4 MHP)


Message History

You closely miss the hound.
The hound is lightly wounded.
The hound closely misses you. The hound misses you.
You hit the hound.
The hound is lightly wounded.
The hound barely misses you.
The crimson imp blinks!
You hit the hound.
The hound is moderately wounded.
The hound bites you but does no damage.
You barely miss the hound.
The hound is moderately wounded.
The hound closely misses you.
You hit the hound but do no damage.
The hound is moderately wounded.
The hound bites you.
* * * LOW HITPOINT WARNING * * *
You need no library to learn spells.
Unknown command.
Casting: Blink (safe; 12% risk of failure)
Confirm with . or Enter, or press ? or * to list all spells.
The spell is astonishingly dangerous to miscast (63% risk of failure)!
Continue anyway?
Okay, then.
Casting: Manifold Assault (astonishingly dangerous; 63% risk of failure)
Confirm with . or Enter, or press ? or * to list all spells.
You blink.
You enter a teleport trap!
The teleport trap disappears.
Your surroundings suddenly seem different.
An adder comes into view.
* * * LOW HITPOINT WARNING * * *
The adder hisses angrily.
You feel stable enough to blink again.
You hit the adder.
The adder is moderately wounded.
The adder bites you.
* * * LOW HITPOINT WARNING * * *
You hit the adder but do no damage.
The adder is moderately wounded.
You closely miss the adder.
The adder is moderately wounded.
The adder bites you.
You die...

.........#.....##
#.#.#............##
..................#
..................#
..................#
#.#...........#####
#.............#
#.............#
#.........#.S@#
#.....######.##
#### #.# #.# #. ##


You could see an adder.

Vanquished Creatures
  2 adders (D:2)
  A worm (D:2)
  A dart slug (D:1)
  2 ball pythons (D:1)
  3 endoplasms
  2 giant cockroaches
  4 goblins
  3 hobgoblins
  4 jackals (D:1)
  A quokka (D:1)
  A bat (D:2)
  3 frilled lizards
  3 kobolds
  4 rats
34 creatures vanquished.

Notes
Turn   | Place    | Note
-------+----------+-------------------------------------------
     0 | D:1      | Leeroy the Djinni Warper began the quest for the Orb.
     0 | D:1      | Leeroy set off with the following spells memorised: Blink,
                  | Lesser Beckoning, Vhi's Electric Charge, Teleport Other,
                  | Manifold Assault.
     0 | D:1      | Reached XP level 1. HP: 18/18 MP: 0/0
   141 | D:1      | Reached XP level 2. HP: 22/23 MP: 0/0
   726 | D:1      | Reached XP level 3. HP: 26/28 MP: 0/0
   726 | D:1      | Learned a level 1 spell: Kiss of Death
  1417 | D:2      | Reached XP level 4. HP: 33/33 MP: 0/0
  1561 | D:3      | Found a shimmering altar of Xom.
  1588 | D:3      | Slain by an adder

Illustrated notes

Levels and vault maps discovered:
D:1:      dpeg_arrival_round_b, layout_loops_corners
D:2:      layout_basic, kennysheep_generic_room_8
D:3:      layout_rooms, led_xom_imps, nicolae_hepliaklqana_hippocampus,
          lemuel_coloured_pillars_altar, st_stairs_10

Skill      XL: |  1  2  3  4 |
---------------+-------------+-----
Long Blades    | 2 3 |  3.0
Spellcasting   | 3 |  3.0
Fighting       | |  2.1
Throwing       | |  0.7
Armour         | |  1.0
Dodging        | |  2.1

Action                   |  1- 3 |  4- 6 || total
-------------------------+-------+-------++-------
Melee: Falchion          |    98 |    22 ||   120
       Punch             |     2 |       ||     2
 Cast: Blink             |       |     2 ||     2
  Use: Potion            |       |     2 ||     2
       Scroll            |       |     1 ||     1
Armor: Leather armour    |    23 |    20 ||    43
Dodge: Dodged            |    64 |    41 ||   105

Table legend: (Time is in decaauts)
 A = Elapsed time spent in this place.
 B = Non-inter-level travel time spent in this place.
 C = Inter-level travel time spent in this place.
 D = Time resting spent in this place.
 E = Time spent auto-exploring this place.
 F = Levels seen in this place.
 G = Mean time per level.
                   A        B        C        D        E       F      G
               +--------+--------+--------+--------+--------+-----+--------+
         Total |   1601 |   1537 |     64 |      0 |   1240 |   3 |  533.7 |
       Dungeon |   1601 |   1537 |     64 |      0 |   1240 |   3 |  533.7 |
               +--------+--------+--------+--------+--------+-----+--------+

Top non-repeatable levels by time:
     D:1: 993 daAuts
     D:2: 542 daAuts
     D:3: 66 daAuts
